 Dungeon Crawl Stone Soup version 0.29-a0-555-g3b24f45cc1 (webtiles) character file.

Game seed: 16179245791758802300

70 Hubjo the Insei (level 4, -1/33 HPs)
             Began as a Demonspawn Transmuter on June 7, 2022.
             Was a Follower of Wu Jian.
             Slain by an orc
             ... wielding a +0 short sword
              (3 damage)
             ... on level 3 of the Dungeon.
             The game lasted 00:02:34 (2733 turns).

Hubjo the Insei (Demonspawn Transmuter)             Turns: 2733, Time: 00:02:35

Health: -1/33      AC:  3    Str: 10    XL:     4   Next: 4%
Magic:  7/7        EV: 12    Int: 15    God:    Wu Jian [*.....]
Gold:   95         SH:  4    Dex: 15    Spells: 6/7 levels left

rFire   . . .      SeeInvis .     - Unarmed
rCold   . . .      Faith    .   (no shield)
rNeg    . . .      Spirit   .   a - +1 robe
rPois   .          Reflect  .   (no helmet)
rElec   .          Harm     .   (no cloak)
rCorr   .          Rampage  .   (no gloves)
Will    .....                   (no boots)
Stlth   ++........              j - amulet of magic regeneration
HPRegen 0.11/turn               (no ring)
MPRegen 0.50/turn               (no ring)

@: hasted, very quick
A: large bone plates 1, demonic guardian 1
a: Renounce Religion


You were on level 3 of the Dungeon.
You worshipped Wu Jian.
Wu Jian was aware of your devotion.
You visited 1 branch of the dungeon, and saw 3 of its levels.

You collected 95 gold pieces.

Inventory:

Armour
 a - a +1 robe (worn)
Jewellery
 j - an amulet of magic regeneration (around neck)
Scrolls
 c - a scroll of blinking
 e - a scroll of magic mapping {unknown}
 f - 3 scrolls of fog {unknown}
 k - a scroll of identify
 l - a scroll of poison {unknown}
Potions
 b - 2 potions of lignification
 d - a potion of berserk rage {unknown}
 g - a potion of resistance {unknown}
 h - 2 potions of heal wounds {unknown}
 i - a potion of haste
 m - a potion of cancellation {unknown}


   Skills:
 + Level 2.1 Fighting
 - Level 1.7 Dodging
 + Level 1.2 Stealth
 + Level 3.0 Unarmed Combat
 + Level 2.4 Spellcasting
 * Level 2.3 Transmutations


You had 6 spell levels left.
You knew the following spells:

 Your Spells              Type           Power      Damage    Failure   Level
a - Beastly Appendage     Tmut           16%        N/A       9%          1

Your spell library contained the following spells:

 Spells                   Type           Power      Damage    Failure   Level
 Wereblood                Tmut           8%         N/A       12%         2
 Spider Form              Tmut/Pois      5%         N/A       36%         3
 Tukima's Dance           Hex            1%         N/A       54%         3
 Ice Form                 Ice/Tmut       5%         N/A       78%         4
 Passage of Golubria      Tloc           1%         N/A       91%         4
 Yara's Violent Unravell  Hex/Tmut       2%         3d3       98%         5


Dungeon Overview and Level Annotations

Branches:
Dungeon (3/15)

Altars:
Wu Jian
Yredelemnul

Annotations:
D:3 2 transporters


Innate Abilities, Weirdness & Mutations

You are partially covered in large bone plates. (SH +4)
A weak demonic guardian rushes to your aid.


Message History

The orc wizard is severely wounded.
The orc wizard hits you but does no damage.
The orc wizard attacks as you move away!
The orc wizard hits you but does no damage.
The orc wizard mumbles some strange words.
The orc wizard flickers and vanishes!
Deactivating autopickup; reactivate with Ctrl-A.
You hear some strange, mumbled words.
A puff of flame appears from out of thin air!
The puff of flame hits you.
You bump into the translucent rock wall.
The orc closely misses you.
You closely miss the orc. You claw the orc, but do no damage.
Your headbutt misses the orc. The orc misses you. x2
You closely miss the orc. Your kick misses the orc.
You headbutt the orc, but do no damage.
Your horns disappear.
Your talons disappear.
Something hits you. The orc hits you with a +0 short sword.
The orc closely misses you.
You hit the orc but do no damage.
You hear some strange, mumbled words.
A magic dart appears from out of thin air!
The magic dart hits you. The orc hits you with a +0 short sword.
The orc closely misses you.
You closely miss the orc. The orc hits you with a +0 short sword.
The orc hits you but does no damage.
You are too confused!
The orc attacks as you move away! The orc hits you with a +0 short sword.
You feel less confused. Something hits you.
You spin and attack the orc.
You closely miss the orc.
You hear some strange, mumbled words.
A magic dart appears from out of thin air!
The magic dart hits you.
* * * LOW HITPOINT WARNING * * *
A demonic guardian appears!
The orc hits you with a +0 mace.
* * * LOW HITPOINT WARNING * * *
It was a potion of haste.
You feel yourself speed up. You block something's attack.
The orc hits you with a +0 short sword.
You die...

#####.#.#### #.#
...........# #.#
#..#.#.#.#.# #.#
#...$......# #.#
#..#.#.#.#.###########.#
#.........##..........#
#.#.#.#.#..#.##########
#........{o#5#
...#.#.#.#o@..#
##.......o..###
###........# ##########


You could see 3 orcs and a friendly shadow imp (summoned, wandering).

Vanquished Creatures
  2 adders (D:2)
  2 worms
  4 dart slugs
  2 endoplasms
  2 giant cockroaches
  5 goblins
  A hobgoblin (D:1)
  3 quokkas
  4 bats
  4 frilled lizards
  2 kobolds
  3 rats
34 creatures vanquished.

Vanquished Creatures (collateral kills)
  An endoplasm (D:2)
  2 hobgoblins (D:2)
  A bat (D:1)
  A rat (D:2)
5 creatures vanquished.

Vanquished Creatures (others)
  A plant (D:2)
1 creature vanquished.

Grand Total: 40 creatures vanquished

Notes
Turn   | Place    | Note
-------+----------+-------------------------------------------
     0 | D:1      | Hubjo the Demonspawn Transmuter began the quest for the
                  | Orb.
     0 | D:1      | Reached XP level 1. HP: 15/15 MP: 3/3
   380 | D:1      | Gained mutation: A weak demonic guardian rushes to your
                  | aid. [demonic ancestry]
   380 | D:1      | Reached XP level 2. HP: 8/21 MP: 5/5
  1319 | D:2      | Reached XP level 3. HP: 16/27 MP: 4/6
  1443 | D:2      | Reached skill level 1 in Stealth
  1443 | D:2      | Reached skill level 3 in Unarmed Combat
  1627 | D:2      | Found a basalt altar of Yredelemnul.
  1949 | D:2      | You fall into a shaft and drop 1 floor!
  2356 | D:2      | Found a faded altar of an unknown god.
  2422 | D:2      | Prayed at the altar of an unknown god.
  2422 | D:2      | Became a worshipper of the Wu Jian Council
  2422 | D:2      | Reached * piety under Wu Jian
  2484 | D:3      | Found a transporter.
  2536 | D:3      | Found a transporter.
  2540 | D:3      | Noticed a small abomination
  2578 | D:3      | Gained mutation: You are partially covered in large bone
                  | plates. (SH +4) [demonic ancestry]
  2578 | D:3      | Reached XP level 4. HP: 20/33 MP: 7/7
  2733 | D:3      | Slain by an orc

Illustrated notes

Levels and vault maps discovered:
D:1:      lemuel_arrival_river_bridge, layout_basic, minmay_unequal
D:2:      cheibrodos_old_hovel, layout_basic,
          shapermc_ecumenical_altar_notcrosses, basic_altar, minmay_tetromino_t4
D:3:      layout_loops_ring, serial_glass, glass_columns_c, glass_columns_b,
          gammafunk_ghost_abyssal_escape

Skill      XL: |  1  2  3 |
---------------+----------+-----
Transmutations | 2 |  2.3
Fighting       | 2 |  2.1
Stealth        | 1 |  1.2
Unarmed Combat | 3 |  3.0
Dodging        | |  1.7
Spellcasting   | |  2.4

Action                   |  1- 3 |  4- 6 || total
-------------------------+-------+-------++-------
Melee: Unarmed           |   106 |    10 ||   116
       Headbutt          |    14 |     1 ||    15
       Kick              |    24 |     1 ||    25
       Punch             |     1 |     1 ||     2
 Cast: Beastly Appendage |    29 |     1 ||    30
Invok: Lunge             |     1 |       ||     1
       Whirlwind         |       |     1 ||     1
  Use: Scroll            |     3 |       ||     3
       Potion            |       |     1 ||     1
 Stab: Sleeping          |     2 |       ||     2
Armor: Robe              |    25 |     3 ||    28
Dodge: Dodged            |    77 |     7 ||    84
Block: Other             |       |     1 ||     1

Table legend: (Time is in decaauts)
 A = Elapsed time spent in this place.
 B = Non-inter-level travel time spent in this place.
 C = Inter-level travel time spent in this place.
 D = Time resting spent in this place.
 E = Time spent auto-exploring this place.
 F = Levels seen in this place.
 G = Mean time per level.
                   A        B        C        D        E       F      G
               +--------+--------+--------+--------+--------+-----+--------+
         Total |   2728 |   2682 |     46 |      0 |   2341 |   3 |  909.3 |
       Dungeon |   2728 |   2682 |     46 |      0 |   2341 |   3 |  909.3 |
               +--------+--------+--------+--------+--------+-----+--------+

Top non-repeatable levels by time:
     D:1: 1304 daAuts
     D:2: 1129 daAuts
     D:3: 294 daAuts
